 Dungeon Crawl Stone Soup version 0.31.0-12-g77e489cdc1 (webtiles) character file.

Game seed: 8489642481696977856

784 Gadfly the Covered (level 7, 0/55 (58) HPs)
             Began as an Armataur Fighter on Feb 29, 2024.
             Slain by a wight
             ... wielding a +4 long sword
              (13 damage)
             ... on level 5 of the Dungeon.
             The game lasted 00:07:27 (3086 turns).

Gadfly the Covered (Armataur Fighter)               Turns: 3086, Time: 00:07:27

HP:   0/55 (58)     AC: 14    Str: 25    XL:     7   Next: 55%
MP:   9/9           EV:  6    Int:  8    God:
Gold: 38            SH:  5    Dex: 11    Spells: 6/6 levels left

rFire   . . .        a - +0 morningstar
rCold   . . .        c - +0 buckler
rNeg    . . .        h - +3 chain mail "Halonn" {Rampage rPois Str+3}
rPois   +            i - +0 helmet {SInv}
rElec   .            (no cloak)
rCorr   .            k - +0 pair of gloves
SInv    +            (no barding)
Will    .....        (no amulet) Stlth
                     (no ring)
HPRegen 0.29/turn    (no ring)
MPRegen 0.11/turn

%: roll
@: drained
A: large, deformed body, tough skin 3, armoured tail, roll 2
a: no special abilities


You were on level 5 of the Dungeon.
You visited 1 branch of the dungeon, and saw 5 of its levels.

You collected 180 gold pieces.
You spent 142 gold pieces at shops.

Inventory:

Hand Weapons
 a - a +0 morningstar (weapon)
 e - a +0 flail
Armour
 c - a +0 buckler (worn)
 h - the +3 chain mail "Halonn" (worn) {Rampage rPois Str+3}
   (You found it on level 3 of the Dungeon)

   Str+3:     It affects your strength (+3).
   rPois:     It protects you from poison Rampage: It bestows one free step when
   moving towards enemies.
 i - a +0 helmet of see invisible (worn)
 k - a +0 pair of gloves (worn)
Wands
 b - a wand of flame (17)
 g - a wand of polymorph (10) (quivered)
 n - a wand of charming (11)
Scrolls
 l - a scroll of identify
Potions
 d - 2 potions of might
 f - 2 potions of haste
 j - a potion of enlightenment
 m - 2 potions of curing


   Skills:
 + Level 3.7 Fighting
 * Level 4.0 Maces & Flails
 + Level 4.9 Armour
 + Level 4.5 Shields
 * Level 3.7 Invocations
 * Level 3.6 Evocations


You had 6 spell levels left.
You didn't know any spells.
Your spell library was empty.

Dungeon Overview and Level Annotations

Branches:
Dungeon (5/15)
 Temple: D:4-7

Altars:
Trog
Yredelemnul

Shops:
D:3 [

Annotations:
D:5 1 transporter


Innate Abilities, Weirdness & Mutations

Armour fits poorly on your strangely shaped body.
You have extremely tough skin. (AC +3)
You have a long armoured tail.
You regenerate magic and health when rolling toward enemies. (Rampage Regen)


Message History

Your Maces & Flails skill increases to level 4!
You hit the wight.
The wight is moderately damaged.
The wight hits you with a +4 long sword.
You feel drained.
You barely miss the wight.
Your tail-slap misses the wight.
The wight is moderately damaged.
The wight hits you but does no damage. The wight closely misses you.
You closely miss the wight.
The wight is moderately damaged.
The wight hits you but does no damage. The wight barely misses you.
Things that are here:
a +0 orcbow; a centaur corpse You barely miss the wight.
The wight is moderately damaged.
The wight barely misses you. The wight hits you with a +0 war axe!
You barely miss the wight.
The wight is moderately damaged.
The wight hits you but does no damage. x2
You barely miss the wight.
The wight is moderately damaged.
The wight barely misses you.
The wight hits you with a +4 long sword.
You feel drained. The wight hits you with a +0 war axe.
* * * LOW HITPOINT WARNING * * *
The wight hits you with a +4 long sword.
* * * LOW HITPOINT WARNING * * *
The wight hits you with a +4 long sword.
* * * LOW HITPOINT WARNING * * *
Okay, then.
The wight attacks as it pursues you! The wight hits you but does no damage.
Okay, then.
The wight attacks as it pursues you! You block the wight's attack.
You feel better. The wight closely misses you. x2
The wight attacks as it pursues you! The wight hits you but does no damage.
The wight hits you with a +4 long sword.
* * * LOW HITPOINT WARNING * * *
The wight attacks as it pursues you!
The wight hits you with a +4 long sword!
You die...

##...........#.# #).# ... .
...............#####..##.# ...
#..................#.....#....
...............###.....).$....
#.......†...........#.).......
#.........)........?..#.......
#.....................#.......
##..)............z........[...
##.............@z....####....
##.....###..........# ....
#....<## #..........# ...
.....#.## ##........## ..
####.#.# #........# ..#.#
#..........# #.##.#
#..........# #. #.#
#..........# #..


You could see 2 wights.

Vanquished Creatures
  Sigmund (D:5)
  A centaur (D:5)
  A scorpion (D:4)
  A wight (D:5)
  A bombardier beetle (D:4)
  A jelly (D:4)
  Ijyb (D:4)
  Terence (D:2)
  4 iguanas
  2 hound zombies (D:3)
  6 adders
  7 gnolls
  3 dart slugs
  2 ribbon worms
  An orc (D:5)
  6 endoplasms
  2 giant cockroaches
  8 goblins
  6 hobgoblins
  3 jackals (D:4)
  6 quokkas
  5 ball pythons
  5 bats
  6 kobolds
  2 rats
82 creatures vanquished.

Notes
Turn   | Place    | Note
-------+----------+-------------------------------------------
     0 | D:1      | Gadfly the Armataur Fighter began the quest for the Orb.
     0 | D:1      | Reached XP level 1. HP: 18/18 MP: 1/1
   178 | D:1      | Reached XP level 2. HP: 19/25 MP: 2/2
   754 | D:2      | Reached skill level 1 in Invocations
   776 | D:2      | Reached skill level 1 in Evocations
   782 | D:2      | Noticed Terence
   807 | D:2      | Killed Terence
   808 | D:2      | Reached XP level 3. HP: 8/30 MP: 2/4
   956 | D:2      | Reached XP level 4. HP: 34/38 MP: 5/5
  1401 | D:3      | Found a bloodstained altar of Trog.
  1517 | D:3      | Found a faded altar of an unknown god.
  1530 | D:3      | Found Disuawk's Antique Armour Emporium.
  1542 | D:3      | Reached XP level 5. HP: 35/45 MP: 6/6
  1777 | D:3      | Identified the +3 chain mail "Halonn" {Rampage rPois Str+3}
  1890 | D:3      | Found a basalt altar of Yredelemnul.
  2063 | D:4      | Reached XP level 6. HP: 14/51 MP: 7/7
  2748 | D:4      | Noticed Ijyb
  2768 | D:4      | Killed Ijyb
  2842 | D:3      | Bought a glowing helmet for 142 gold pieces
  2858 | D:5      | Entered Level 5 of the Dungeon
  2877 | D:5      | Noticed Sigmund
  2906 | D:5      | Killed Sigmund
  2907 | D:5      | Gained mutation: You regenerate magic and health when
                  | rolling toward enemies. (Rampage Regen) [Armataur growth]
  2907 | D:5      | Reached XP level 7. HP: 20/57 MP: 9/9
  3040 | D:5      | Found a transporter.
  3086 | D:5      | Slain by a wight

Illustrated notes

Levels and vault maps discovered:
D:1:      moated_graveyard_arrival, layout_basic
D:2:      layout_basic, uniq_terence
D:3:      layout_rooms, trog_three_pillars_becter,
          lemuel_zombie_altar_yredelemnul, serial_shops,
          nicolae_shop_gibbet_a_chance, ebering_ecumenical_altar_abandoned,
          nicolae_kite_square_tiling_tiny
D:4:      layout_basic, uniq_ijyb
D:5:      layout_rooms, tso_altar, slow_altar_2,
          gammafunk_temple_overflow_arena, hangedman_decor_slide_cut,
          uniq_sigmund

Skill      XL: |  1  2  3  4  5  6  7 |
---------------+----------------------+-----
Maces & Flails | 2 3 4 |  4.0
Invocations    | 1 2 3 |  3.7
Evocations     | 1 2 3 |  3.6
Fighting       | 3 |  3.7
Armour         | 4 |  4.9
Shields        | 4 |  4.5

Action                     |  1- 3 |  4- 6 |  7- 9 || total
---------------------------+-------+-------+-------++-------
  Melee: Flail             |   103 |    46 |       ||   149
         Tailslap          |    10 |    17 |       ||    27
         Morningstar       |       |   135 |    11 ||   146
    Use: Scroll            |     5 |     5 |     1 ||    11
         Potion            |     2 |     1 |     1 ||     4
 Armour: Scale mail        |    72 |    35 |       ||   107
         Chain mail        |       |   113 |    30 ||   143
  Dodge: Dodged            |    37 |    62 |    10 ||   109
  Block: Buckler           |    17 |    27 |     6 ||    50
